 Dungeon Crawl Stone Soup version 0.30-a0-341-g682706514a (webtiles) character file.

Game seed: 12908924167614426777

27813 hikkokomori the Destroyer (level 12, -10/90 HPs)
             Began as a Demigod Conjurer on Nov 4, 2022.
             Mangled by a catoblepas (14 damage)
             ... while petrified by a catoblepas
             ... on level 1 of the Lair of Beasts on Nov 5, 2022.
             The game lasted 01:40:11 (19974 turns).

hikkokomori the Destroyer (Demigod Conjurer)       Turns: 19974, Time: 01:40:11

Health: -10/90     AC: 14    Str: 12    XL:     12   Next: 71%
Magic:  14/28      EV:  2    Int: 32    God:
Gold:   359        SH:  0    Dex: 12    Spells: 1/27 levels left

rFire   + + .      SeeInvis .    K - +0 trident (flame)
rCold   + . .      Faith    .    Q - +1 kite shield {AC+3}
rNeg    + + +      Spirit   .    I - +2 robe of Nuxem {Harm rF+ Will+}
rPois   ∞          Reflect  +    y - +0 helmet
rElec   .          Harm     +    O - +1 cloak of Perfidy {rC+}
rCorr   .          Rampage  +    a - +0 pair of gloves
Will    ++...                    V - +2 pair of boots {rampage}
Stlth   ++........               G - amulet of reflection
HPRegen 0.35/turn                c - ring of protection from fire
MPRegen 0.21/turn                H - ring of the Hare {EV+8}

@: petrified
A: high MP 1, forlorn, divine attributes
a: no special abilities


You were on level 1 of the Lair of Beasts.
You visited 2 branches of the dungeon, and saw 15 of its levels.
You also visited: Bailey and Gauntlet.

You collected 957 gold pieces.
You spent 598 gold pieces at shops.

Inventory:

Hand Weapons
 d - the +6 quarterstaff "Rummage" {drain, rF+ Dex+5}
   (You found it on level 4 of the Dungeon)

   A truly terrible weapon, it drains the life of any living foe it strikes.
   Dex:       It affects your dexterity (+5).
   rF:        It protects you from fire.
 h - a +2 bardiche of freezing
 D - a +5 vampiric scythe
 K - a +0 trident of flaming (weapon)
 Y - a +0 hand crossbow
Missiles
 o - 3 throwing nets
Armour
 a - a +0 pair of gloves (worn)
 l - a +0 troll leather armour
 q - a +1 cloak of stealth
 y - a +0 helmet (worn)
 z - a +3 scale mail of cold resistance
 I - the +2 robe of Nuxem (worn) {Harm rF+ Will+}
   (You found it on level 1 of the Lair of Beasts)

   rF:        It protects you from fire.
   Harm:      It increases damage dealt and taken.
   Will:      It increases your willpower.
 O - the +1 cloak of Perfidy (worn) {rC+}
   (You found it in a Gauntlet)

   rC:        It protects you from cold.
 Q - a +1 kite shield of protection (worn)
 R - a +1 plate armour of positive energy
 V - a +2 pair of boots of rampaging (worn)
 W - +0 fire dragon scales
Magical Staves
 P - a staff of air
Jewellery
 c - a ring of protection from fire (left hand)
 e - a ring of magical power
 f - a ring of protection from fire
 B - a +4 ring of protection
 G - an amulet of reflection (around neck)
 H - the ring of the Hare (right hand) {EV+8}
   (You found it in a Gauntlet)

   [ring of evasion]

   EV:        It affects your evasion (+8).
 T - a ring of ice
Wands
 b - a wand of digging (3)
 x - a wand of iceblast (13)
 A - a wand of flame (25) (quivered)
 C - a wand of quicksilver (9)
 L - a wand of paralysis (4)
 M - a wand of mindburst (2)
Scrolls
 g - 4 scrolls of enchant armour
 k - 4 scrolls of poison
 m - a scroll of acquirement {unknown}
 n - 4 scrolls of immolation
 p - a scroll of fear
 r - 3 scrolls of magic mapping
 v - 2 scrolls of enchant weapon
 E - a scroll of teleportation
 U - a scroll of torment
 X - a scroll of amnesia {unknown}
 Z - a scroll of brand weapon {unknown}
Potions
 i - a potion of flight {unknown}
 j - a potion of haste
 s - 5 potions of mutation
 t - 5 potions of curing
 u - 2 potions of lignification
 w - a potion of brilliance
 F - 2 potions of attraction
 J - a potion of magic
 N - a potion of might {unknown}
 S - 3 potions of resistance


   Skills:
 + Level 3.6 Fighting
 - Level 3.2 Armour
 - Level 4.2 Dodging
 - Level 1.7 Stealth
 - Level 6.6 Shields
 - Level 8.1 Spellcasting
 + Level 12.1 Conjurations
 - Level 7.6 Hexes
 - Level 3.9 Translocations
 - Level 5.3 Ice Magic
 - Level 5.0 Air Magic


You had one spell level left.
You knew the following spells:

 Your Spells              Type           Power      Damage    Failure   Level
a - Magic Dart            Conj           100%       1d8       1%          1
b - Searing Ray           Conj           100%       2d8       1%          2
c - Ensorcelled Hibernat  Hex/Ice        100%       N/A       1%          2
d - Iskenderun's Mystic   Conj/Tloc      59%        2d12      3%          4
e - Fulminant Prism       Conj/Hex       33%        3d16      1%          4
f - Iskenderun's Battles  Conj           74%        2d12      1%          5
g - Swiftness             Air            45%        N/A       3%          3
h - Freezing Cloud        Conj/Ice/Air   28%        6-21      12%         5

Your spell library contained the following spells:

 Spells                   Type           Power      Damage    Failure   Level
 Momentum Strike          Conj/Tloc      100%       3d10      1%          2
 Dazzling Flash           Conj/Hex       100%       N/A       1%          3
 Mephitic Cloud           Conj/Pois/Air  49%        N/A       2%          3
 Blink                    Tloc           76%        N/A       3%          2
 Poisonous Vapours        Pois/Air       58%        N/A       5%          2
 Lesser Beckoning         Tloc           76%        N/A       6%          3
 Cigotuvi's Dreadful Rot  Necr/Pois/Air  46%        N/A       8%          2
 Passwall                 Tmut/Erth      10%        N/A       14%         2
 Sublimation of Blood     Necr           13%        N/A       14%         2
 Manifold Assault         Tloc           38%        N/A       19%         4
 Metabolic Englaciation   Hex/Ice        26%        N/A       19%         5
 Fireball                 Conj/Fire      25%        3d11      22%         5
 Irradiate                Conj/Tmut      25%        3d20      22%         5
 Ice Form                 Ice/Tmut       30%        N/A       32%         4
 Conjure Ball Lightning   Conj/Air       30%        3x3d10    41%         6
 Orb of Destruction       Conj           37%        9d11      50%         7
 Petrify                  Tmut/Erth      13%        N/A       67%         4
 Simulacrum               Ice/Necr       15%        N/A       99%         6
 Statue Form              Tmut/Erth      8%         N/A       100%        6
 Polar Vortex             Ice            23%        N/A       100%        9


Dungeon Overview and Level Annotations

Branches:
Dungeon (13/15)            Temple (0/1) D:7            Lair (2/5) D:9
 Bailey (visited)         Gauntlet (visited)
  Swamp: Lair:2-3    Shoals: Lair:2-3     Snake: Lair:2-3    Spider: Lair:2-3
    Orc: D:9-12      Vaults: D:13-14

Shops:
D:7 :   D:10 *

Portals:
Abyss: D:5

Annotations:
D:4 3 runed translucent doors, Darkkill's ghost, amateur MiHu
D:12 Rupert


Innate Abilities, Weirdness & Mutations

You have an increased reservoir of magic. (+10% MP)
You shall have no god before yourself.
Your divine heritage dramatically boosts your attributes as you level up.


Message History

Press: ? - help, Dir - move target
Okay, then.
The yak gores you!
The catoblepas breathes a plume of calcifying dust at you.
The blast of calcifying dust hits the yak.
The yak dies!
The blast of calcifying dust hits you but does no damage.
You have turned to stone.
You stop ascending the stairs.
You are engulfed in calcifying dust.
The catoblepas breathes a plume of calcifying dust at you.
The blast of calcifying dust hits you.
You are engulfed in calcifying dust. x2
The catoblepas breathes a plume of calcifying dust at you.
The blast of calcifying dust hits you.
You are engulfed in calcifying dust.
The cane toad stings you!
The catoblepas breathes a plume of calcifying dust at you.
The blast of calcifying dust hits you. The cane toad stings you.
You are engulfed in calcifying dust.
The catoblepas gores you! The cane toad stings you.
You are engulfed in calcifying dust.
The cane toad stings you! The catoblepas gores you. The cane toad stings you!
The catoblepas breathes a plume of calcifying dust at you.
The blast of calcifying dust hits you but does no damage.
You turn to flesh and can move again.
Unknown command.
Unknown command.
You are engulfed in calcifying dust.
You are slowing down.
The cane toad stings you. You block the catoblepas's attack.
You climb upwards.
You have turned to stone.
The cane toad stings you! The catoblepas gores you. The cane toad stings you!
The catoblepas gores you!
* * * LOW HITPOINT WARNING * * *
The cane toad stings you!!
* * * LOW HITPOINT WARNING * * *
The cane toad stings you!
* * * LOW HITPOINT WARNING * * *
The catoblepas gores you!!
You die...

............#.#.....#.......+...#
........⌠...+.#.⌠...'...⌠.......#
....................##..........#
....#....##.#.#.....#.##.#.......
....##......##.....###.....#....#
####......#..##..###.###.###....#
# ###........#.................#
#.......#...Y.#..##.#.#.....
#........⌠.@.⌠#.#######....#
#.....###...F...# ##....P #....##
##.⌠..#.# #.....# ##....##
###....# ##....# #......#
#.....## #....# ##....## ##.....#
#....# #....# #.....## ##....#
#....# ##....# #...(.# ##...∩#
#....# ##.....


You could see a catoblepas and a cane toad.

Vanquished Creatures
  Gastronok (Lair:1)
  A minotaur (Gauntlet)
  Harold (D:9)
  2 catoblepae (Gauntlet)
  3 two-headed ogres
  A skeletal warrior (D:11)
  Amaemon (D:9)
  An orange crystal statue (Gauntlet)
  Pikel (D:4)
  A deep elf pyromancer (D:12)
  An orc knight (Bailey)
  2 manticores (D:12)
  Joseph (D:8)
  A black mamba (Lair:1)
  3 cane toads (Lair:1)
  2 molten gargoyles (Gauntlet)
  Maggie (D:8)
  An orange demon (D:8)
  5 gargoyles
  A kobold demonologist (D:10)
  Psyche (D:12)
  A komodo dragon (Lair:1)
  A rime drake (D:9)
  2 minotaur zombies (Gauntlet)
  2 trolls
  A polar bear (D:9)
  A hornet (D:6)
  5 blink frogs (Lair:1)
  Sigmund (D:2)
  2 wraiths (D:12)
  32 yaks
  2 wyverns
  Grum (Lair:1)
  2 steam dragons
  5 water moccasins
  An acid dragon (D:9)
  7 orc warriors
  3 black bears
  3 ice beasts
  A sky beast (D:7)
  3 centaurs
  An ogre (D:6)
  7 wolves
  3 lemures (D:4)
  2 kobold brigands
  8 bullfrogs
  3 scorpions
  18 killer bees
  5 howler monkeys
  An electric eel (D:6)
  3 lava snakes (D:8)
  A hound (D:5)
  5 orc priests
  3 gnoll boudas
  Jessica (D:2)
  5 orc wizards
  Natasha (thrice) (D:4)
  2 iguanas
  A mummy (D:8)
  7 adders
  13 gnolls
  A shadow imp (D:6)
  A white imp (D:6)
  A worm (D:3)
  8 dart slugs
  34 orcs
  5 endoplasms
  4 giant cockroaches
  7 goblins
  6 hobgoblins
  7 jackals
  17 kobolds
  4 quokkas
  6 ball pythons
  4 bats
  6 frilled lizards
  3 hobgoblin zombies (D:8)
  An orc zombie (D:8)
  3 rats
  8 fulminant prisms
  2 lurking horrors (D:5)
328 creatures vanquished.

Vanquished Creatures (others)
  A yak (Lair:2)
  A human (D:9)
  156 fulminant prisms
  6 fungi (Gauntlet)
  23 plants
187 creatures vanquished.

Grand Total: 515 creatures vanquished

Notes
Turn   | Place    | Note
-------+----------+-------------------------------------------
     0 | D:1      | hikkokomori the Demigod Conjurer began the quest for the
                  | Orb.
     0 | D:1      | Reached XP level 1. HP: 14/14 MP: 5/5
   428 | D:1      | Reached XP level 2. HP: 20/20 MP: 5/7
   768 | D:1      | Reached skill level 4 in Conjurations
   878 | D:1      | Learned a level 2 spell: Searing Ray
   881 | D:1      | Learned a level 2 spell: Ensorcelled Hibernation
  1592 | D:2      | Noticed Jessica
  1791 | D:2      | Reached XP level 3. HP: 13/26 MP: 0/9
  2251 | D:2      | Killed Jessica
  2302 | D:2      | Reached skill level 1 in Hexes
  2302 | D:2      | Reached XP level 4. HP: 33/33 MP: 4/11
  2459 | D:2      | Noticed Sigmund
  2496 | D:3      | Noticed an angel
  3019 | D:3      | Reached XP level 5. HP: 38/38 MP: 6/12
  3024 | D:3      | Learned a level 4 spell: Iskenderun's Mystic Blast
  4025 | D:4      | Noticed a water elemental
  4029 | D:4      | Noticed an air elemental
  4029 | D:4      | Noticed a fire elemental
  4184 | D:4      | Reached skill level 5 in Conjurations
  4441 | D:4      | Noticed Natasha
  4444 | D:4      | Killed Natasha
  4538 | D:4      | Reached XP level 6. HP: 21/45 MP: 6/14
  4891 | D:4      | Noticed Pikel
  5205 | D:4      | Noticed Natasha
  5211 | D:4      | Killed Natasha
  5217 | D:4      | Noticed Natasha
  5224 | D:4      | Killed Natasha
  5232 | D:5      | Entered Level 5 of the Dungeon
  5511 | D:5      | Reached XP level 7. HP: 50/50 MP: 16/16
  5612 | D:5      | Found a one-way gate to the infinite horrors of the Abyss.
  6454 | D:5      | Learned a level 4 spell: Fulminant Prism
  6494 | D:6      | Reached skill level 6 in Conjurations
  6503 | D:6      | Reached skill level 1 in Translocations
  6680 | D:6      | Reached XP level 8. HP: 35/57 MP: 8/18
  7181 | D:4      | Identified the +6 quarterstaff "Rummage" {drain, rF+ Dex+5}
  7241 | D:4      | Found a runed translucent gate.
  7241 | D:4      | Found a runed translucent gate.
  7241 | D:4      | Found a runed translucent gate.
  7242 | D:4      | Noticed Darkkill's ghost (amateur MiHu)
  7371 | D:4      | Killed Pikel
  7372 | D:4      | Reached skill level 7 in Conjurations
  7372 | D:4      | Reached skill level 5 in Hexes
  8144 | D:2      | Killed Sigmund
  8426 | D:6      | Noticed a hornet
  8435 | D:6      | Killed a hornet
  9373 | D:7      | Reached skill level 5 in Spellcasting
  9373 | D:7      | Reached XP level 9. HP: 55/62 MP: 11/20
  9584 | D:7      | Reached skill level 8 in Conjurations
  9755 | D:7      | Found Weuhismo's Book Shop.
  9805 | D:7      | Found a staircase to the Ecumenical Temple.
  9812 | D:7      | Learned a level 5 spell: Iskenderun's Battlesphere
 10279 | D:8      | Noticed Maggie
 10290 | D:8      | Killed Maggie
 10328 | D:8      | Found a flagged portal.
 10412 | Bailey   | Entered a bailey
 10737 | Bailey   | Noticed an orc knight
 10748 | Bailey   | Killed an orc knight
 10969 | Bailey   | Reached XP level 10. HP: 69/69 MP: 23/23
 11038 | Bailey   | Learned a level 3 spell: Swiftness
 11122 | D:8      | Reached skill level 1 in Shields
 11122 | D:8      | Reached skill level 9 in Conjurations
 11374 | D:8      | Reached skill level 1 in Armour
 11374 | D:8      | Reached skill level 1 in Air Magic
 11798 | D:8      | Noticed Joseph
 11804 | D:8      | Killed Joseph
 12192 | D:8      | Got the Octavo of Dislocated Snow
 12781 | D:9      | Reached skill level 5 in Shields
 12895 | D:9      | Noticed Amaemon
 12895 | D:9      | Noticed Harold
 13276 | D:8      | Reached XP level 11. HP: 57/74 MP: 24/24
 13555 | D:9      | Killed Amaemon
 13655 | D:9      | Found a staircase to the Lair.
 13911 | D:9      | Noticed a two-headed ogre
 14170 | D:9      | Killed a two-headed ogre
 14186 | D:9      | Killed Harold
 14187 | D:9      | Reached skill level 10 in Conjurations
 14934 | D:7      | Bought a book of Ice for 598 gold pieces
 15021 | D:10     | Entered Level 10 of the Dungeon
 15060 | D:10     | Noticed a two-headed ogre
 15069 | D:10     | Killed a two-headed ogre
 15345 | D:10     | Noticed a tengu warrior
 15347 | D:10     | Noticed a boulder beetle
 15347 | D:10     | Noticed a deep elf pyromancer
 15351 | D:10     | Noticed a deep elf pyromancer
 15351 | D:10     | Noticed a deep elf pyromancer
 15396 | D:10     | Reached skill level 1 in Ice Magic
 15634 | D:10     | Found Keehest's Assorted Antiques.
 15960 | D:11     | Noticed a skeletal warrior
 15973 | D:11     | Noticed a skeletal warrior
 15973 | D:11     | Noticed a skeletal warrior
 15975 | D:11     | Killed a skeletal warrior
 16142 | D:12     | Reached skill level 5 in Air Magic
 16324 | D:12     | Noticed Psyche
 16328 | D:12     | Killed Psyche
 16425 | D:12     | Noticed a two-headed ogre
 16434 | D:12     | Killed a two-headed ogre
 16739 | D:12     | Noticed a deep elf pyromancer
 16747 | D:12     | Killed a deep elf pyromancer
 16834 | D:12     | Noticed Rupert
 17298 | Lair:1   | Entered Level 1 of the Lair of Beasts
 17330 | Lair:1   | Noticed Grum
 17339 | Lair:1   | Killed Grum
 17410 | Lair:1   | Reached XP level 12. HP: 81/81 MP: 27/27
 17442 | Lair:1   | Identified the +2 robe of Nuxem {Harm rF+ Will+}
 17453 | Lair:1   | Found a gate leading to a gauntlet.
 17463 | Gauntlet | Entered a Gauntlet
 17463 | Gauntlet | Found a transporter.
 17463 | Gauntlet | Found a transporter.
 17473 | Gauntlet | Found a transporter.
 17475 | Gauntlet | Found a transporter.
 17476 | Gauntlet | Noticed a catoblepas
 17488 | Gauntlet | Found a transporter.
 17489 | Gauntlet | Found a transporter.
 17491 | Gauntlet | Noticed a catoblepas
 17499 | Gauntlet | Noticed a dire elephant
 17500 | Gauntlet | Found a transporter.
 17500 | Gauntlet | Found the ring of the Hare {EV+8}
 17565 | Gauntlet | Found a transporter.
 17565 | Gauntlet | Found a transporter.
 17582 | Gauntlet | Found a transporter.
 17586 | Gauntlet | Found a transporter.
 17602 | Gauntlet | Found a transporter.
 17977 | Gauntlet | Killed a catoblepas
 17978 | Gauntlet | Reached skill level 11 in Conjurations
 18144 | Gauntlet | Identified the +1 cloak of Perfidy {rC+}
 18263 | Gauntlet | Killed a catoblepas
 18430 | Gauntlet | Reached skill level 5 in Ice Magic
 18495 | Gauntlet | Noticed a minotaur
 18526 | Gauntlet | Killed a minotaur
 18894 | Gauntlet | Learned a level 5 spell: Freezing Cloud
 19066 | Lair:1   | Reached skill level 1 in Fighting
 19669 | Lair:1   | Noticed Gastronok
 19707 | Lair:1   | Killed Gastronok
 19708 | Lair:1   | Reached skill level 12 in Conjurations
 19950 | Lair:2   | Noticed a catoblepas
 19974 | Lair:1   | HP: 4/90 [cane toad (9)]
 19974 | Lair:1   | Mangled by a catoblepas

Illustrated notes

Levels and vault maps discovered:
D:1:      giann_horns, layout_loops_corners, dilly_ecumenical_altar_fadedgnrine,
          hangedman_feature_mirror
D:2:      layout_loops_cross, uniq_jessica, uniq_sigmund
D:3:      layout_loops_ring, grunt_temple_overflow_order_and_chaos_1,
          mainiacjoe_overflow_tiny_flanked, chequers_serial_rivers_micro_e
D:4:      layout_loops_ring, gammafunk_temple_overflow_statue,
          nicolae_overflow_crystal_walls, nicolae_qazlal_style_of_elements,
          gammafunk_ghost_necromancy, due_unseen_surprise, uniq_natasha,
          uniq_pikel
D:5:      layout_basic, nzn_wu_jian_council_hall, minitemple,
          minmay_misc_feat_encased, amcnicky_altar_lugonu_corruption
D:6:      layout_layer_cave, minivault_22, minivault_14
D:7:      layout_basic, minmay_temple_entry_statues_fountains, serial_shops,
          shop
D:8:      minmay_inner_zag, layout_basic, enter_bailey_3,
          kennysheep_big_empty_room, minmay_mini_ossuary, uniq_joseph,
          uniq_maggie
D:9:      layout_loops_ring, grunt_temple_overflow_opulence, tgw_kikubaaqudgha,
          lightli_temple_of_fire, hellmonk_lair_entry_icy,
          ebering_dispersal_statue_hall, minmay_misc_feat_room, nrook_uturn,
          uniq_amaemon, uniq_harold
D:10:     layout_irregular_city, lemuel_doored_altar, serial_shops,
          nicolae_shop_statue_plus, minivault_12
D:11:     layout_irregular_city, orc_0_dummy, nicolae_ashenzari_skybound
D:12:     layout_stronghold, serial_glass, glass_columns_b, glass_columns_a,
          glass_columns_a, glass_columns_a, glass_columns_b, glass_columns_a,
          due_unseen_surprise, item_on_display_a, minmay_strange_pillars,
          palyth_stone_intersect, hangedman_decor_points,
          small_statue_intersection, laboratory, uniq_urug, uniq_psyche,
          uniq_rupert
D:13:     layout_stronghold, david_vaults_1, maelrawn_ghost_gauntlet_escape,
          uniq_frances, uniq_nessos
Lair:1:   layout_long_grid, gauntlet_entry_generic, lemuel_fruit_tree,
          grunt_megastairs_1, uniq_grum, uniq_gastronok
Lair:2:   layout_long_grid, minmay_shoals_entry_centaurs, grunt_megastairs_4,
          serial_bayou_shore_a, lemuel_fruit_fields

Skill      XL: |  1  2  3  4  5  6  7  8  9 10 11 12 |
---------------+-------------------------------------+-----
Spellcasting   | 2 3 4 5 6 7 8 |  8.1
Conjurations   | 4 5 6 7 8 9 10 12 | 12.1
Hexes          | 1 2 3 4 6 7 |  7.6
Translocations | 2 3 |  3.9
Shields        | 5 6 |  6.6
Armour         | 3 |  3.2
Air Magic      | 3 5 |  5.0
Dodging        | 2 4 |  4.2
Ice Magic      | 3 5 |  5.3
Fighting       | 3 |  3.6
Stealth        | |  1.7

Action                   |  1- 3 |  4- 6 |  7- 9 | 10-12 || total
-------------------------+-------+-------+-------+-------++-------
Melee: Unarmed           |     9 |       |       |       ||     9
       Club              |       |    27 |     1 |       ||    28
       Halberd           |       |       |    46 |       ||    46
       Quarterstaff      |       |       |     4 |       ||     4
       Trident           |       |       |       |   172 ||   172
Throw: Throwing net      |       |       |       |     1 ||     1
 Cast: Magic Dart        |    43 |    31 |    62 |    72 ||   208
       Searing Ray       |    17 |    44 |     3 |    15 ||    79
       Ensorcelled Hiber |       |     7 |       |     1 ||     8
       Fulminant Prism   |       |       |    41 |   123 ||   164
       Iskenderun's Myst |       |       |     1 |     7 ||     8
       Iskenderun's Batt |       |       |     9 |    19 ||    28
       Swiftness         |       |       |       |     6 ||     6
       Freezing Cloud    |       |       |       |     2 ||     2
Evoke: Wand              |       |       |     1 |    18 ||    19
  Use: Potion            |     2 |       |       |     5 ||     7
       Scroll            |       |     5 |     3 |    16 ||    24
 Stab: Paralysed         |       |       |       |     3 ||     3
       Sleeping          |       |       |       |     1 ||     1
Armor: Robe              |     4 |    20 |    27 |    73 ||   124
       Skin              |       |       |       |     3 ||     3
       Troll leather arm |       |       |       |    16 ||    16
Dodge: Dodged            |    21 |    43 |    47 |    83 ||   194
Block: Other             |       |       |    20 |       ||    20
       Kite shield       |       |       |       |   222 ||   222
       Reflection        |       |       |       |     6 ||     6

Table legend: (Time is in decaauts)
 A = Elapsed time spent in this place.
 B = Non-inter-level travel time spent in this place.
 C = Inter-level travel time spent in this place.
 D = Time resting spent in this place.
 E = Time spent auto-exploring this place.
 F = Levels seen in this place.
 G = Mean time per level.
                   A        B        C        D        E       F      G
               +--------+--------+--------+--------+--------+-----+--------+
         Total |  20101 |  18072 |   2029 |   4601 |   9363 |  17 | 1182.4 |
       Dungeon |  16771 |  14766 |   2005 |   3447 |   8647 |  13 | 1290.1 |
          Lair |   1175 |   1151 |     24 |    401 |    475 |   2 |  587.5 |
        Bailey |    651 |    651 |      0 |    136 |    240 |   1 |  651.0 |
      Gauntlet |   1503 |   1503 |      0 |    617 |      0 |   1 | 1503.0 |
               +--------+--------+--------+--------+--------+-----+--------+

Top non-repeatable levels by time:
     D:8: 2220 daAuts
     D:9: 1956 daAuts
     D:1: 1799 daAuts
     D:4: 1743 daAuts
     D:3: 1597 daAuts
     D:2: 1532 daAuts
Gauntlet: 1503 daAuts
     D:5: 1464 daAuts
     D:6: 1358 daAuts
  Lair:1: 1145 daAuts
    D:12: 1070 daAuts
    D:10: 937 daAuts
     D:7: 887 daAuts
  Bailey: 651 daAuts
    D:11: 202 daAuts
